 Dungeon Crawl Stone Soup version 0.30.1-4-g462c640d31 (webtiles) character file.

Game seed: 18435981562677679032

331 Kurtz the Chopper (level 6, -2/37 HPs)
             Began as a Tengu Fighter on Sept 16, 2023.
             Was an Initiate of Okawaru.
             Slain by an orc
             ... wielding a +0 flail
              (8 damage)
             ... on level 5 of the Dungeon.
             The game lasted 00:03:04 (2649 turns).

Kurtz the Chopper (Tengu Fighter)                   Turns: 2649, Time: 00:03:05

Health: -2/37      AC: 13    Str: 19    XL:     6   Next: 52%
Magic:  7/7        EV:  7    Int:  8    God:    Okawaru [......]
Gold:   195        SH:  4    Dex: 13    Spells: 5/5 levels left

rFire   . . .        a - +0 war axe
rCold   . . .        c - +0 buckler
rNeg    . . .        g - +0 plate armour
rPois   .            (helmet restricted)
rElec   .            s - +0 cloak
rCorr   .            (no gloves)
SInv    +            (boots unavailable)
Will    .....        (no amulet) Stlth
                     i - ring of see invisible
HPRegen 0.26/turn    (no ring)
MPRegen 0.10/turn

%: no passive effects
@: brilliant, flying quickly and evasively, quick
A: beak, talons 3, nimble flight
a: Renounce Religion


You were on level 5 of the Dungeon.
You worshipped Okawaru.
Okawaru was noncommittal.
You visited 1 branch of the dungeon, and saw 4 of its levels.

You collected 195 gold pieces.

Inventory:

Hand Weapons
 a - a +0 war axe (weapon)
Armour
 b - a +0 scale mail
 c - a +0 buckler (worn)
 g - a +0 plate armour (worn)
 s - a +0 cloak (worn)
Jewellery
 i - a ring of see invisible (left hand)
Scrolls
 f - 5 scrolls of teleportation {unknown}
 h - 2 scrolls of noise {unknown}
 l - 2 scrolls of amnesia {unknown}
 m - a scroll of fog {unknown}
 n - 2 scrolls of identify {unknown}
Potions
 d - a potion of might
 e - a potion of brilliance
 j - a potion of mutation {unknown}
 k - a potion of degeneration {unknown}
 o - a potion of attraction {unknown}
 p - a potion of resistance {unknown}
 q - a potion of lignification {unknown}
 r - a potion of curing {unknown}


   Skills:
 - Level 3.0 Fighting
 * Level 5.8 Axes
 * Level 4.9 Armour
 * Level 2.1 Dodging
 - Level 3.0 Shields


You had 5 spell levels left.
You didn't know any spells.
Your spell library contained the following spells:

 Spells                   Type           Power      Damage    Failure   Level
 Foxfire                  Conj/Fire      0%         2x1d4     100%        1
 Fireball                 Conj/Fire      0%         3d3       100%        5
 Plasma Beam              Fire/Air       0%         2x1d11    100%        6
 Starburst                Conj/Fire      0%         6d3       100%        6


Dungeon Overview and Level Annotations

Branches:
Dungeon (3/15)

Altars:
Fedhas
Okawaru
Ru

Shops:
D:3 (


Innate Abilities, Weirdness & Mutations

You have a beak for a mouth.
You have claws for feet.
Your magical nature lets you fly swiftly and evasively.


Message History

Unknown command.
You feel sick. The orc hits you but does no damage.
You feel sick.
You feel sick.
You hit the scorpion but do no damage. You claw the scorpion.
You kill the scorpion!
Okawaru accepts your kill.
You feel sick.
Unknown command.
You feel sick.
You are no longer poisoned.
You see here a scorpion corpse.
You closely miss the orc wizard. Your peck misses the orc wizard.
You closely miss the orc.
The orc wizard hits you but does no damage.
You block the orc's attack. The orc wizard barely misses you.
Unknown command.
You slash the orc wizard!
The orc wizard is almost dead.
You barely miss the orc. You closely miss the orc.
The orc hits you but does no damage. You block the orc's attack.
The orc wizard hits you but does no damage.
Unknown command.
You barely miss the orc wizard. Your kick misses the orc wizard.
The orc wizard is almost dead.
You barely miss the orc. You closely miss the orc.
The orc hits you but does no damage. You block the orc's attack.
The orc wizard hits you but does no damage.
You slash the orc wizard!
You kill the orc wizard!
Okawaru accepts your kill.
You barely miss the orc. You hit the orc. The orc hits you with a +0 flail.
* * * LOW HITPOINT WARNING * * *
The orc hits you with a +0 hand axe.
* * * LOW HITPOINT WARNING * * *
You slash the orc!
You kill the orc!
Okawaru accepts your kill.
You miss the orc. The orc hits you with a +0 flail!
You die...

###.###+#........
.........†.......
##..##....######
##.##.....#
#......##+###
#..##.......#
#..##.......#
#.†.........#
#......o@####
#......))#
#...>....#
#.......)#
##.......#
............
###..........
#.#####.... #.
.....


You could see an orc.

Vanquished Creatures
  A black bear (D:5)
  A scorpion (D:5)
  An iguana (D:5)
  An orc wizard (D:5)
  4 gnolls (D:2)
  2 adders (D:2)
  2 worms (D:2)
  2 dart slugs
  3 orcs
  6 endoplasms
  A giant cockroach (D:1)
  4 goblins
  5 hobgoblins
  3 jackals (D:1)
  3 kobolds (D:1)
  6 ball pythons
  6 bats
  9 frilled lizards (D:2)
  13 rats
73 creatures vanquished.

Notes
Turn   | Place    | Note
-------+----------+-------------------------------------------
     0 | D:1      | Kurtz the Tengu Fighter began the quest for the Orb.
     0 | D:1      | Reached XP level 1. HP: 14/14 MP: 2/2
   128 | D:1      | Reached XP level 2. HP: 19/19 MP: 3/3
   312 | D:1      | Reached skill level 3 in Axes
   534 | D:1      | Reached XP level 3. HP: 23/23 MP: 4/4
  1169 | D:2      | Reached skill level 1 in Dodging
  1172 | D:2      | Reached XP level 4. HP: 19/28 MP: 5/5
  1174 | D:2      | Reached skill level 4 in Axes
  1430 | D:2      | Found a faded altar of an unknown god.
  1541 | D:2      | Gained mutation: Your magical nature lets you fly swiftly
                  | and evasively. [Tengu growth]
  1541 | D:2      | Reached XP level 5. HP: 31/32 MP: 6/6
  1546 | D:2      | Found a blossoming altar of Fedhas.
  2152 | D:3      | Found Fuyninko's Weapon Shoppe.
  2235 | D:3      | Found an iron altar of Okawaru.
  2330 | D:3      | Became a worshipper of Warmaster Okawaru
  2457 | D:3      | You are sucked into a shaft and drop 2 floors!
  2457 | D:5      | Entered Level 5 of the Dungeon
  2463 | D:5      | Found a sacrificial altar of Ru.
  2469 | D:5      | Noticed a black bear
  2481 | D:5      | Killed a black bear
  2482 | D:5      | Reached skill level 5 in Axes
  2539 | D:5      | Reached XP level 6. HP: 17/37 MP: 7/7
  2649 | D:5      | Slain by an orc

Illustrated notes

Levels and vault maps discovered:
D:1:      evilmike_arrival_rings, layout_basic, minmay_rat_gold_closets
D:2:      layout_basic, shapermc_ecumenical_altar_mp_highgroup, basic_altar,
          minmay_lizard_pond
D:3:      layout_loops_corners, okawaru_trees_2, serial_shops,
          nicolae_shop_advertising_works [nicolae_subvault_shop_adworks]
D:5:      minmay_skewed_foursquare, layout_basic,
          mainiacjoe_overflow_surrounded_room, vehumet_statue,
          mainiacjoe_overflow_two_lobes

Skill      XL: |  1  2  3  4  5 |
---------------+----------------+-----
Axes           | 3 4 5 |  5.8
Dodging        | 1 2 |  2.1
Armour         | 4 |  4.9
Fighting       | |  3.0
Shields        | |  3.0

Action                     |  1- 3 |  4- 6 || total
---------------------------+-------+-------++-------
  Melee: War axe           |    64 |    87 ||   151
         Kick              |    16 |    22 ||    38
         Peck              |     9 |    13 ||    22
    Use: Potion            |       |     1 ||     1
 Armour: Scale mail        |     8 |       ||     8
         Plate armour      |    29 |    59 ||    88
  Dodge: Dodged            |    18 |    25 ||    43
  Block: Buckler           |    12 |    19 ||    31
